 Dungeon Crawl Stone Soup version 0.21.1-1-g345015fe64 (webtiles) character file.

1260 Ryomija the Cleaver (level 8, 60/67 HPs)
             Began as a Minotaur Berserker on May 14, 2018.
             Was a Priest of Trog.
             Quit the game on level 6 of the Dungeon.
             The game lasted 00:09:00 (6129 turns).

Ryomija the Cleaver (Minotaur Berserker)            Turns: 6129, Time: 00:09:00

Health: 60/67      AC:  6    Str: 26    XL:     8   Next: 27%
Magic:  7/7        EV: 11    Int:  6    God:    Trog [***...]
Gold:   345        SH:  0    Dex: 12    Spells: 7/7 levels left

rFire    . . .     SeeInvis .   z - +6 great sword "Undertaker" {pain, *Contam rElec Str+4 Int+2}
rCold    . . .     Gourm    .   (shield currently unavailable)
rNeg     . . .     Faith    .   t - +0 ring mail (curse)
rPois    .         Spirit   .   (helmet restricted)
rElec    +         Reflect  .   (no cloak)
rCorr    .         Harm     .   o - +0 pair of gloves
MR       .....     Rnd*Tele +   (no boots)
Stlth    ..........             r - amulet of inaccuracy (curse)
HPRegen  0.21/turn              y - ring of loudness (curse)
MPRegen  0.10/turn              v - ring of teleportation (curse)

@: no status effects
A: retaliatory headbutt, horns 2
a: Berserk, Trog's Hand, Burn Spellbooks, Renounce Religion


You were on level 6 of the Dungeon.
You worshipped Trog.
Trog was most pleased with you.
You were not hungry.

You visited 1 branch of the dungeon, and saw 6 of its levels.

You collected 345 gold pieces.

Inventory:

Hand Weapons
 a - a +1 hand axe
 z - the +6 great sword "Undertaker" (weapon) {pain, *Contam rElec Str+4 Int+2}
   (You found it on level 6 of the Dungeon)

   In the hands of one skilled in necromantic magic, it inflicts extra damage on
   living creatures.
   It affects your strength (+4).
   It affects your intelligence (+2).
   It insulates you from electricity.
   It causes magical contamination when unequipped.
Armour
 o - a +0 pair of gloves (worn)
 t - a cursed +0 ring mail (worn)
Jewellery
 q - an uncursed ring of poison resistance
 r - a cursed amulet of inaccuracy (around neck)
 v - a cursed ring of teleportation (right hand)
 y - a cursed ring of loudness (left hand)
Wands
 A - a wand of acid (7)
Scrolls
 d - 2 scrolls of blinking
 e - 8 scrolls of identify
 g - 3 scrolls of teleportation
 k - 2 scrolls of enchant weapon
 l - 2 scrolls of immolation
 u - 2 scrolls of fog
 x - a scroll of amnesia
Potions
 b - 2 potions of resistance {unknown}
 f - a potion of flight {unknown}
 h - 2 potions of heal wounds
 i - 3 potions of curing {unknown}
 j - a potion of invisibility {unknown}
 m - a potion of agility {unknown}
 n - a potion of haste {unknown}
 p - 2 potions of ambrosia {unknown}
 s - 2 potions of degeneration {unknown}
 B - a potion of lignification {unknown}
Comestibles
 c - 3 rations
 w - a chunk of flesh


   Skills:
 + Level 4.8 Fighting
 - Level 11.8 Axes
 - Level 2.4 Armour
 - Level 2.1 Dodging


You had 7 spell levels left.
You didn't know any spells.

Dungeon Overview and Level Annotations

Branches:
Dungeon (6/15)             Temple (0/1) D:4

Altars:
Ashenzari
Dithmenos
Elyvilon
Fedhas
Hepliaklqana
Makhleb
Nemelex Xobeh
Trog
Yredelemnul


Innate Abilities, Weirdness & Mutations

You reflexively headbutt those who attack you in melee.
You have a pair of horns on your head.


Message History

You start resting.
You feel sick. x4
You are no longer poisoned.
You now have 338 gold pieces (gained 21).
Found a jewelled great sword.
Found a chain mail.
You now have 345 gold pieces (gained 7).
Found a stone staircase leading up.
You see here a jewelled great sword.
z - a jewelled great sword Wear which item? (? for menu, Esc to quit)
Okay, then.
Okay, then.
Wield which item (- for none, * to show all)? (? for menu, Esc to quit)
You feel stronger.
You feel clever.
You feel a build-up of mutagenic energy.
You have a feeling of ineptitude.
z - the +6 great sword "Undertaker" (weapon)
{pain, *Contam rElec Str+4 Int+2} Unknown command.
Are you sure you want to abandon this character and quit the game? (Confirm with "yes".)

## #..#.#........
#......#.#.###
..##..#.#..#.##
#...........##
#..........## ###
....##.#### ..<#
###.##.######...#.#
. #.............#
#......@...[..#
.................#
............#...###
#.#.#.......#...# #
#.#.......# .##
..#.......# #. .
########. #. # ##


There were no monsters in sight!

Vanquished Creatures
  The ghost of raetorn the Slasher, a novice VSFi of Okawaru (D:5)
  The ghost of Froggeryz the Poker, an amateur HOFi (D:4)
  2 sky beasts
  A centaur (D:5)
  A scorpion (D:4)
  A crimson imp (D:6)
  A bullfrog zombie (D:5)
  2 hounds
  An iguana (D:4)
  2 orc wizards (D:5)
  4 worker ants
  A hound skeleton (D:5)
  8 adders
  A shadow imp (D:5)
  6 worms
  2 dart slugs (D:1)
  3 leopard geckos
  9 orcs
  7 ball pythons
  5 giant cockroaches
  10 goblins
  4 hobgoblins
  12 jackals
  A quokka (D:3)
  7 bats
  6 frilled lizards
  A jackal skeleton (D:4)
  16 kobolds
  A quokka skeleton (D:5)
  6 rats
123 creatures vanquished.

Notes
Turn   | Place    | Note
-------+----------+-------------------------------------------
     0 | D:1      | Ryomija the Minotaur Berserker began the quest for the Orb.
     0 | D:1      | Reached XP level 1. HP: 19/19 MP: 0/0
   135 | D:1      | Reached skill level 4 in Axes
   148 | D:1      | Reached XP level 2. HP: 20/26 MP: 1/1
   531 | D:1      | Reached skill level 5 in Axes
   838 | D:1      | Reached XP level 3. HP: 29/31 MP: 2/2
   843 | D:1      | Reached ** piety under Trog
   985 | D:1      | Found a sparkling altar of Nemelex Xobeh.
  1528 | D:2      | Found a burning altar of Makhleb.
  1967 | D:2      | Reached skill level 6 in Axes
  1967 | D:2      | Reached XP level 4. HP: 23/39 MP: 3/3
  2574 | D:3      | Noticed a sky beast
  2587 | D:3      | Killed a sky beast
  2587 | D:3      | Reached skill level 7 in Axes
  2587 | D:3      | Reached XP level 5. HP: 3/45 MP: 4/4
  2914 | D:3      | Found a basalt altar of Yredelemnul.
  2915 | D:3      | Found a shattered altar of Ashenzari.
  2915 | D:3      | Found a hazy altar of Hepliaklqana.
  2915 | D:3      | Found a bloodstained altar of Trog.
  3036 | D:3      | Reached *** piety under Trog
  3570 | D:4      | Reached skill level 8 in Axes
  3591 | D:4      | Reached XP level 6. HP: 47/51 MP: 5/5
  3645 | D:4      | Found a bloodstained altar of Trog.
  3721 | D:4      | Found a white marble altar of Elyvilon.
  3728 | D:4      | Noticed Froggeryz's ghost (amateur HOFi)
  3752 | D:4      | Killed Froggeryz's ghost
  3752 | D:4      | Reached skill level 9 in Axes
  3752 | D:4      | Reached XP level 7. HP: 17/57 MP: 6/6
  4582 | D:4      | Found a blossoming altar of Fedhas.
  4609 | D:4      | Found a shadowy altar of Dithmenos.
  4774 | D:4      | Found a staircase to the Ecumenical Temple.
  4779 | D:4      | Reached skill level 10 in Axes
  5170 | D:5      | Entered Level 5 of the Dungeon
  5192 | D:5      | Noticed raetorn's ghost (novice VSFi)
  5204 | D:5      | Killed raetorn's ghost
  5204 | D:5      | Reached skill level 11 in Axes
  5293 | D:5      | Reached XP level 8. HP: 37/64 MP: 7/7
  5536 | D:5      | Received a gift from Trog
  6127 | D:6      | Got a jewelled great sword
  6128 | D:6      | Identified the +6 great sword "Undertaker" {pain, *Contam rElec Str+4 Int+2} (You found it on level 6 of the Dungeon)
  6129 | D:6      | Quit the game

Skill      XL: |  1  2  3  4  5  6  7  8 |
---------------+-------------------------+-----
Axes           | 4 5 6 7 8 9 11 | 11.8
Fighting       | 4 |  4.8
Armour         | |  2.4
Dodging        | |  2.1

Action                   |  1- 3 |  4- 6 |  7- 9 || total
-------------------------+-------+-------+-------++-------
Melee: Hand axe          |   108 |   124 |   114 ||   346
       Headbutt          |    11 |    22 |    27 ||    60
Invok: Berserk           |       |     1 |     1 ||     2
       Burn Spellbooks   |       |       |     1 ||     1
  Use: Scroll            |       |     6 |     2 ||     8
 Stab: Sleeping          |     1 |       |       ||     1
  Eat: Chunk             |     3 |     6 |     2 ||    11
       Ration            |       |       |     2 ||     2
Armor: Animal skin       |    15 |     6 |       ||    21
       Ring mail         |       |    23 |    33 ||    56
Dodge: Dodged            |    64 |    57 |    44 ||   165
